cohdb
Replays
Latest Replays
All Replays
Popular Replays
Top Player Replays
Match Explorer
How It Works
Community
CoH3 Stats
Reddit
Sign in to upload your games and track your stats! →
Sign in with Steam
Match 45423552
Unlisted
Match 45423552
Overview
Messages
Build Orders
End
Selects Special Operations Battlegroup
Selects Special Operations Battlegroup
Selects M29 Weasel Recon Vehicle
M29 Weasel Recon Vehicle
Construct Barracks
Riflemen Squad
Riflemen Squad
Grenade Package
Infantry Support Center
Riflemen Squad
Construct Weapon Support Center
Selects Smoke Screen
M3 Armored Personnel Carrier
M3 Armored Personnel Carrier
M1918 Browning Automatic Rifles
Smoke Screen
Selects P-47 Anti-Infantry Loiter
Selects UNKNOWN (2162291)
Riflemen Squad
M3 Armored Personnel Carrier
Scout Squad
Smoke Screen
Advanced Logistics
Selects SSF Commando Squad
SSF Commando Squad
Scout Squad
Engineer Squad
STALKER4732
kit.ohume
UMirinBrah?
UWU BlueSkidrow!! UWU
0
0
Comments
sign in to comment!
No comments posted yet!